 Dungeon Crawl Stone Soup version 0.28.0-43-g3370ac3207 (webtiles) character file.

Game seed: 5906970214710563820

41 zeram the Ducker (level 3, -4/19 HPs)
             Began as a Spriggan Fighter on Mar 6, 2022.
             Slain by a hobgoblin (7 damage)
             ... led by Robin
             ... on level 2 of the Dungeon.
             The game lasted 00:02:23 (2385 turns).

zeram the Ducker (Spriggan Fighter)                 Turns: 2385, Time: 00:02:24

Health: -4/19      AC:  2    Str: 12    XL:     3   Next: 32%
Magic:  4/4        EV: 17    Int: 11    God:
Gold:   26         SH:  6    Dex: 14    Spells: 2/2 levels left

rFire   . . .      SeeInvis +   a - +0 rapier
rCold   . . .      Faith    .   c - +0 buckler
rNeg    . . .      Spirit   .   b - +0 robe
rPois   .          Reflect  .   (helmet restricted)
rElec   .          Harm     .   (no cloak)
rCorr   .          Rampage  .   (gloves unavailable)
Will    .....                   (boots unavailable)
Stlth   ++........              (no amulet)
HPRegen 0.06/turn               (no ring)
MPRegen 0.09/turn               (no ring)

@: very quick
A: very small, no large weapons, unfitting armour, see invisible, speed 3
a: no special abilities


You were on level 2 of the Dungeon.
You visited 1 branch of the dungeon, and saw 2 of its levels.

You collected 26 gold pieces.

Inventory:

Hand Weapons
 a - a +0 rapier (weapon)
 g - a +3 whip
Armour
 b - a +0 robe (worn)
 c - a +0 buckler (worn)
Scrolls
 e - a scroll of teleportation
 f - 2 scrolls of immolation
Potions
 d - a potion of might


   Skills:
 - Level 2.4 Fighting
 + Level 2.8 Short Blades
 + Level 4.5 Dodging
 + Level 1.2 Stealth
 + Level 2.6 Shields


You had 2 spell levels left.
You didn't know any spells.
Your spell library was empty.

Dungeon Overview and Level Annotations

Branches:
Dungeon (2/15)

Altars:
Zin

Annotations:
D:2 Robin


Innate Abilities, Weirdness & Mutations

You are very small and have problems with some larger weapons.
You are too small for most types of armour.
You have supernaturally acute eyesight. (SInv)
You cover ground extremely quickly. (Speed+++)


Message History

The goblin no longer looks unusually strong. x2
The goblin barely misses you.
You barely miss the goblin. You block the goblin's attack.
The goblin hits you with a +0 club.
You closely miss the goblin.
The goblin no longer looks unusually strong. x2
Robin roars a battlecry!
The goblins go into a battle-frenzy!
You block the goblin's attack. The goblin closely misses you.
You closely miss the goblin.
The hobgoblin no longer looks unusually strong.
The goblin no longer looks unusually strong.
The goblin barely misses you. The goblin completely misses you.
You closely miss the goblin.
The goblin no longer looks unusually strong.
The goblin closely misses you. You block the goblin's attack. x2
You miss the goblin. The goblin barely misses you.
Robin laughs in a distinctly smug fashion.
The goblin barely misses you. x2
You hit the goblin.
You kill the goblin!
The goblin hits you with a +0 club. The hobgoblin misses you.
You hit the hobgoblin.
The hobgoblin is lightly wounded.
Robin roars a battlecry!
The goblins go into a battle-frenzy!
The goblin misses you. The hobgoblin completely misses you.
You hit the hobgoblin.
The hobgoblin is heavily wounded.
The goblin misses you. The hobgoblin barely misses you.
Robin flexes a bicep menacingly.
You barely miss the hobgoblin.
The hobgoblin is heavily wounded.
The goblin hits you but does no damage. The hobgoblin misses you.
You closely miss the hobgoblin.
The hobgoblin is heavily wounded.
The goblin hits you with a +0 club.
* * * LOW HITPOINT WARNING * * *
The hobgoblin hits you!
You die... ##### #.... #....######## +...ggggg@gg#

#...g######g# #....
#.# #.... #.# #
#.... #g#.#
#...g######.#.#.###
....gg.gg.g...>....
#######g.g#..#?.....
..##...#..#.....[


You could see Robin, 2 hobgoblins and 6 goblins.

Vanquished Creatures
  A dart slug (D:1)
  5 bats (D:1)
  4 endoplasms (D:1)
  A giant cockroach (D:1)
  6 goblins
  4 hobgoblins
  3 jackals
  2 quokkas
  A ball python (D:1)
  3 kobolds
  4 rats
34 creatures vanquished.

Notes
Turn   | Place    | Note
-------+----------+-------------------------------------------
     0 | D:1      | zeram the Spriggan Fighter began the quest for the Orb.
     0 | D:1      | Reached XP level 1. HP: 11/11 MP: 2/2
   628 | D:1      | Reached XP level 2. HP: 13/16 MP: 3/3
  1579 | D:1      | Reached skill level 1 in Stealth
  1721 | D:1      | You fall into a shaft and drop 1 floor!
  1721 | D:2      | Found a glowing silver altar of Zin.
  1759 | D:1      | Reached XP level 3. HP: 9/19 MP: 4/4
  2354 | D:2      | Noticed Robin
  2385 | D:2      | Slain by a hobgoblin

Illustrated notes

Levels and vault maps discovered:
D:1:      dpeg_arrival_rhombus, layout_basic
D:2:      layout_basic, hellmonk_ecumenical_altar_crossroads, basic_altar,
          minmay_joined_circles, uniq_robin

Skill      XL: |  1  2 |
---------------+-------+-----
Stealth        | 1 |  1.2
Fighting       | |  2.4
Short Blades   | |  2.8
Dodging        | |  4.5
Shields        | |  2.6

Action                   || total
-------------------------++-------
Melee: Rapier            ||   136
  Use: Scroll            ||     2
 Stab: Sleeping          ||     2
Armor: Robe              ||    15
Dodge: Dodged            ||   116
Block: Buckler           ||    50
